 Dungeon Sprint DCSS version 0.29.1-12-g30fa7ad0bf (webtiles) character file.

Game seed: 7205991997187233780

2371 retardedninja the Cleaver (level 9, -4/89 HPs)
             Began as a Hill Orc Fighter on Dec 19, 2022.
             Was a Priest of Trog.
             Slain by a cyclops (16 damage)
             ... in the Dungeon (Sprint IX: "|||||||||||||||||||||||||||||").
             The game lasted 00:01:50 (1113 turns).

retardedninja the Cleaver (Hill Orc Fighter)        Turns: 1113, Time: 00:01:51

Health: -4/89      AC: 15    Str: 23    XL:     9   Next: 45%
Magic:  9/9        EV: 11    Int:  8    God:    Trog [***...]
Gold:   0          SH:  6    Dex: 13    Spells: 8/8 levels left

rFire   . . .      SeeInvis .   l - +1 broad axe (freeze)
rCold   . . .      Faith    .   c - +0 buckler
rNeg    . . .      Spirit   .   o - +1 scale mail
rPois   .          Reflect  .   n - +0 helmet
rElec   .          Harm     .   m - +0 cloak
rCorr   .          Rampage  .   (no gloves)
Will    .....      NoTele   +   (no boots)
Stlth   +.........              (no amulet)
HPRegen 0.24/turn               p - +2 ring of protection
MPRegen 0.11/turn               q - +3 ring of dexterity

@: no status effects
A: no striking features
a: Renounce Religion, Berserk, Trog's Hand


You were in the Dungeon.
You worshipped Trog.
Trog was most pleased with you.
You visited 1 branch

Inventory:

Hand Weapons
 l - a +1 broad axe of freezing (weapon)
Armour
 b - a +0 scale mail
 c - a +0 buckler (worn)
 m - a +0 cloak (worn)
 n - a +0 helmet (worn)
 o - a +1 scale mail (worn)
Jewellery
 p - a +2 ring of protection (left hand)
 q - a +3 ring of dexterity (right hand)
Scrolls
 j - 2 scrolls of blinking
Potions
 e - 5 potions of curing
 f - 3 potions of heal wounds
 h - 4 potions of magic
 i - a potion of berserk rage


   Skills:
 + Level 11.4 Fighting
 + Level 14.8 Axes
 + Level 11.6 Armour
 + Level 2.7 Dodging
 + Level 5.0 Stealth
 + Level 9.9 Shields
 + Level 4.1 Evocations


You had 8 spell levels left.
You didn't know any spells.
Your spell library was empty.

Dungeon Overview and Level Annotations

Branches:
Dungeon (1/1)

Altars:
Cheibriados
Dithmenos
Elyvilon
Fedhas
Gozag
Hepliaklqana
Kikubaaqudgha
Makhleb
Nemelex Xobeh
Okawaru
Qazlal
Ru
Sif Muna
Trog
Uskayaw
Vehumet
Wu Jian
Xom
Yredelemnul
Zin
The Shining One
Beogh
Jiyva
Lugonu


Message History

Unknown command.
Aiming: Corrosive Bolt
Press: ? - help, Q - select action, (/) - cycle Shift-Dir - straight line, f/p - two-headed ogre
Aim: a two-headed ogre, wielding two +0 giant clubs (severely wounded, covered in acid, 88% to hit)
The bolt of acid hits something!!
Something seems to be corroded for longer.
Trog accepts your kill.
Reactivating autopickup.
You feel a bit more experienced.
The bolt of acid hits the two-headed ogre!!
The two-headed ogre seems to be corroded for longer.
You kill the two-headed ogre!
Trog accepts your kill.
The now-empty wand crumbles to dust.
Your Fighting skill increases to level 11!
Your Axes skill increases to level 14!
Your Armour skill increases to level 11!
Your Stealth skill gained 2 levels and is now at level 5!
Your Evocations skill increases to level 4!
You have reached level 9!
Your experience leads to an increase in your attributes!
Your base attributes are Str 21, Int 8, Dex 10.
Increase (S)trength, (I)ntelligence, or (D)exterity?
You feel stronger. x2
There is an open door here.
You see here a +0 mace.
You barely miss the cyclops. You hit the cyclops. You freeze the cyclops.
The cyclops is lightly wounded.
The cyclops hits you!!
You hit the cyclops. You freeze the cyclops.
The cyclops is moderately wounded.
You barely miss the cyclops.
The cyclops is moderately wounded.
The cyclops hits you!!
* * * LOW HITPOINT WARNING * * *
You slash the cyclops! You freeze the cyclops.
The cyclops is heavily wounded.
The cyclops hits you!
You die... ▓▓▓▓▓▓▓▓▓▓▓▓▓▓▓▓▓▓▓▓▓▓▓ ?).....))..))..'@C)...+ ▓▓▓▓▓▓▓▓▓▓▓▓▓▓▓▓▓▓▓▓▓▓▓

You could see a cyclops.

Vanquished Creatures
  A two-headed ogre (D)
  A gargoyle (D)
  2 unseen horrors (D)
  A troll (D)
  A slime creature (D)
  A basilisk (D)
  2 orc warriors (D)
  An ogre (D)
  A gnoll sergeant (D)
  A killer bee (D)
  A jelly (D)
  A hound (D)
  An iguana (D)
  3 goblins (D)
  A hobgoblin (D)
  A quokka (D)
  A ball python (D)
21 creatures vanquished.

Notes
Turn   | Place    | Note
-------+----------+-------------------------------------------
     0 | D        | retardedninja the Hill Orc Fighter began the quest for the
                  | Orb.
     0 | D        | Reached XP level 1. HP: 19/19 MP: 1/1
     9 | D        | Reached skill level 3 in Axes
   317 | D        | Noticed a hound
   317 | D        | Noticed an ogre
   317 | D        | Noticed an iguana
   317 | D        | Noticed a jelly
   323 | D        | Reached XP level 2. HP: 19/27 MP: 2/2
   325 | D        | Reached skill level 5 in Fighting
   325 | D        | Reached skill level 4 in Axes
   325 | D        | Reached skill level 5 in Shields
   325 | D        | Reached XP level 3. HP: 26/36 MP: 3/3
   326 | D        | Killed an ogre
   327 | D        | Reached skill level 6 in Axes
   327 | D        | Reached skill level 5 in Armour
   327 | D        | Reached XP level 4. HP: 34/45 MP: 4/4
   327 | D        | Reached XP level 5. HP: 38/51 MP: 5/5
   332 | D        | Reached skill level 7 in Axes
   334 | D        | Reached skill level 8 in Axes
   583 | D        | Found a roughly hewn altar of Beogh.
   583 | D        | Found a snail-covered altar of Cheibriados.
   583 | D        | Found a shadowy altar of Dithmenos.
   583 | D        | Found a white marble altar of Elyvilon.
   583 | D        | Found a blossoming altar of Fedhas.
   583 | D        | Found an opulent altar of Gozag.
   584 | D        | Found a hazy altar of Hepliaklqana.
   585 | D        | Found a viscous altar of Jiyva.
   586 | D        | Found an ancient bone altar of Kikubaaqudgha.
   587 | D        | Found a corrupted altar of Lugonu.
   588 | D        | Found a burning altar of Makhleb.
   589 | D        | Found a sparkling altar of Nemelex Xobeh.
   590 | D        | Found an iron altar of Okawaru.
   591 | D        | Found a stormy altar of Qazlal.
   592 | D        | Found a sacrificial altar of Ru.
   593 | D        | Found a shimmering blue altar of Sif Muna.
   594 | D        | Found a bloodstained altar of Trog.
   595 | D        | Found a hide-covered altar of Uskayaw.
   596 | D        | Found a radiant altar of Vehumet.
   597 | D        | Found an ornate altar of the Wu Jian Council.
   598 | D        | Found a shimmering altar of Xom.
   599 | D        | Found a basalt altar of Yredelemnul.
   600 | D        | Found a glowing silver altar of Zin.
   601 | D        | Found a glowing golden altar of the Shining One.
   602 | D        | Became a worshipper of Trog the Wrathful
   654 | D        | Noticed a troll
   654 | D        | Noticed an orc warrior
   654 | D        | Noticed an orc warrior
   656 | D        | Killed an orc warrior
   657 | D        | Reached skill level 9 in Axes
   657 | D        | Reached skill level 1 in Dodging
   657 | D        | Reached XP level 6. HP: 61/61 MP: 6/6
   663 | D        | Killed an unseen horror
   663 | D        | Reached * piety under Trog
   664 | D        | Reached skill level 11 in Axes
   664 | D        | Reached skill level 1 in Evocations
   664 | D        | Reached XP level 7. HP: 58/70 MP: 7/7
   666 | D        | Killed a troll
   667 | D        | Reached skill level 12 in Axes
   667 | D        | Reached skill level 1 in Stealth
   668 | D        | Reached skill level 10 in Fighting
   668 | D        | Reached XP level 8. HP: 45/79 MP: 8/8
   674 | D        | Reached ** piety under Trog
  1100 | D        | Noticed a gargoyle
  1100 | D        | Noticed a slime creature
  1100 | D        | Noticed a two-headed ogre
  1100 | D        | Noticed a cyclops
  1105 | D        | Reached skill level 10 in Armour
  1105 | D        | Killed a gargoyle
  1105 | D        | Killed a slime creature
  1106 | D        | Reached skill level 13 in Axes
  1106 | D        | Killed an unseen horror
  1106 | D        | Reached *** piety under Trog
  1106 | D        | Killed a two-headed ogre
  1107 | D        | Reached skill level 14 in Axes
  1107 | D        | Reached skill level 5 in Stealth
  1107 | D        | Reached XP level 9. HP: 57/89 MP: 9/9
  1113 | D        | Slain by a cyclops

Illustrated notes

Levels and vault maps discovered:
D:        linesprint [early_d, line_temple, items_1, d_10, items_2, lair_1,
          lair_end, items_3, orc_1, orc_end, items_4, d_15, swamp_1, shoals_1,
          snake_1, spider_1, d_20, vaults_1, items_5, swamp_end, shoals_end,
          snake_end, spider_end, vaults_end, d_27, items_6, zot_1, zot_end,
          crypt_end, forest_end, elf_end, slime_end, tomb_end, abyss_end,
          pan_hell_end]

Skill      XL: |  1  2  3  4  5  6  7  8 |
---------------+-------------------------+-----
Fighting       | 4 5 6 7 9 10 11 | 11.4
Axes           | 3 4 6 9 11 12 14 | 14.8
Shields        | 4 5 6 7 8 9 |  9.9
Armour         | 4 5 7 8 9 11 | 11.6
Dodging        | 1 2 |  2.7
Evocations     | 1 4 |  4.1
Stealth        | 1 5 |  5.0

Action                   |  1- 3 |  4- 6 |  7- 9 || total
-------------------------+-------+-------+-------++-------
Melee: War axe           |    22 |     7 |       ||    29
       Broad axe         |       |     3 |    14 ||    17
Evoke: Wand              |       |     4 |     6 ||    10
  Use: Potion            |     1 |     2 |       ||     3
 Stab: Invisible         |       |       |     5 ||     5
Armor: Scale mail        |     5 |    12 |     5 ||    22
Dodge: Dodged            |     5 |     2 |     4 ||    11
Block: Buckler           |    10 |     1 |     2 ||    13
